Workbook

Sheet Retirement Amount
A1: Retirement Calculator | J1: https://plnr.in/
A2: Self age | B2: 40
A3: Spouse age | B3: 40 | F3: Lower Age | G3: Higher Age
A4: Inflation during retirment | B4: 0.06 | F4: =MIN(B2,B3) -> 40 | G4: =MAX(B2,B3) -> 40 | J4: Fixed-Fee Investment Adviser (SEBI RIA)
A5: Inflation after retirement | B5: 0.06 | E5: Life Expectency | F5: =B8 -> 85
A6: Returns rfter retirement | B6: 0.07 | E6: Gap | F6: =F5-F4 -> 45 | J6: How to Change Data
A7: Retirement age | B7: 50 | E7: Months | F7: =F6*12 -> 540 | J7: Self age - Enter your age
A8: Life expectancy | B8: 85 | E8: Life Expectency-Retirement | F8: =B8-B7 -> 35 | J8: Spouse age - If you are not married, enter Zero
A9: Monthly retirment expenses | B9: 60000 | E9: if spouse is younger | F9: =F8+(G4-F4) -> 35 | J9: Inflation during/after retirement - Standard is 6%/7%, you can take your assumptions
A10: Pension/Rental Income | B10: 0 | E10: Final Gap to be taken for retirement | F10: =IF(OR(B3=0,B3="",B3>B2),F8,F9) -> 35 | J10: Returns after retirement - Take 7%/8% (1% above inflation) as you will invest more in debt after retirement
A11: Net retirement expenses | B11: =B9-B10 -> 60000 | J11: Life expectancy - How long do you expect to live, standard is 85
A12: Future value of retirement expenses | B12: =ROUND(FV(B4,B7-B2,,-B11),-3) -> 107000 | E12: Real Rate of retrns | F12: =(1+B6)/(1+B5)-1 -> 0.0094339623 | J12: Monthly retirement expenses - Your current monthly expenses(Do not add investments/insurance premium (other than health insurance premium in expenses)
A13: Retirement Corpus | B13: =ROUND(PV(F12/12,$F$10*12,-B12),-6)/100000 -> 380 | J13: Pension/Rental Income - Add existing pension/rental income which is inflation adjusted
A14: Retirement Corpus Required - | B14: Crores | C14: =A14 & " " & B13 & " " &#REF! -> #REF!
A15: =A14&" "&B13/100&" "&B14 -> Retirement Corpus Required - 3.8 Crores
J16: You may only change the numbers in the cells highlighted in yellow.
J18: *Disclaimer- Nothing in the sheet is my solicitation, recommendation, endorsement, or offer. If you have any doubts as to the merits of the excel, you should seek advice from an independent financial advisor. Registration granted by SEBI, BASL membership, and NISM certification do not guarantee the intermediary’s performance or provide any assurance of returns to investors. Investment in the securities market is subject to market risks. Read all the related documents carefully before investing.

Sheet Cash Flow after retirement
A1: Cash Flow Statement | J1: Monthly Expenses | K1: ='Retirement Amount'!B12 -> 107000
A2: Year | B2: Total Corpus | C2: Yearly Expenses | D2: Balance | E2: Inflation | F2: Returns | G2: Balance at end of year | H2: Withdrawal Rate | J2: Inflation (in %) | K2: ='Retirement Amount'!B5 -> 0.06
A3: 1 | B3: ='Retirement Amount'!B13*100000 -> 38000000 | C3: =K1*12 -> 1284000 | D3: =B3-C3 -> 36716000 | E3: =$K$2 -> 0.06 | F3: =$K$3 -> 0.07 | G3: =FV(F3,1,,-D3) -> 39286120 | H3: =C3/B3 -> 0.033789474 | J3: Returns (in %) | K3: ='Retirement Amount'!B6 -> 0.07
A4: 2 | B4: =G3 -> 39286120 | C4: =C3*(1+E3) -> 1361040 | D4: =B4-C4 -> 37925080 | E4: =$K$2 -> 0.06 | F4: =$K$3 -> 0.07 | G4: =FV(F4,1,,-D4) -> 40579836 | H4: =C4/B4 -> 0.034644297 | M4: Fixed-Fee Investment Adviser (SEBI RIA)
A5: 3 | B5: =G4 -> 40579836 | C5: =C4*(1+E4) -> 1442702.4 | D5: =B5-C5 -> 39137133 | E5: =$K$2 -> 0.06 | F5: =$K$3 -> 0.07 | G5: =FV(F5,1,,-D5) -> 41876733 | H5: =C5/B5 -> 0.035552199
A6: 4 | B6: =G5 -> 41876733 | C6: =C5*(1+E5) -> 1529264.5 | D6: =B6-C6 -> 40347468 | E6: =$K$2 -> 0.06 | F6: =$K$3 -> 0.07 | G6: =FV(F6,1,,-D6) -> 43171791 | H6: =C6/B6 -> 0.036518239 | I6: How to Read
A7: 5 | B7: =G6 -> 43171791 | C7: =C6*(1+E6) -> 1621020.4 | D7: =B7-C7 -> 41550770 | E7: =$K$2 -> 0.06 | F7: =$K$3 -> 0.07 | G7: =FV(F7,1,,-D7) -> 44459324 | H7: =C7/B7 -> 0.037548139 | I7: Total Corpus - The amount of money you will have at the time of retirement
A8: 6 | B8: =G7 -> 44459324 | C8: =C7*(1+E7) -> 1718281.6 | D8: =B8-C8 -> 42741043 | E8: =$K$2 -> 0.06 | F8: =$K$3 -> 0.07 | G8: =FV(F8,1,,-D8) -> 45732916 | H8: =C8/B8 -> 0.038648398 | I8: Yearly Expenses - Monthly expenses multiplied by 12 for first year. Every year, these expenses will increase by inflation %
A9: 7 | B9: =G8 -> 45732916 | C9: =C8*(1+E8) -> 1821378.5 | D9: =B9-C9 -> 43911537 | E9: =$K$2 -> 0.06 | F9: =$K$3 -> 0.07 | G9: =FV(F9,1,,-D9) -> 46985345 | H9: =C9/B9 -> 0.039826425 | I9: Balance - Total Corpus minus Yearly expenses
A10: 8 | B10: =G9 -> 46985345 | C10: =C9*(1+E9) -> 1930661.3 | D10: =B10-C10 -> 45054683 | E10: =$K$2 -> 0.06 | F10: =$K$3 -> 0.07 | G10: =FV(F10,1,,-D10) -> 48208511 | H10: =C10/B10 -> 0.041090712 | I10: Returns - This is the percentage of returns you will get on balance money
A11: 9 | B11: =G10 -> 48208511 | C11: =C10*(1+E10) -> 2046500.9 | D11: =B11-C11 -> 46162010 | E11: =$K$2 -> 0.06 | F11: =$K$3 -> 0.07 | G11: =FV(F11,1,,-D11) -> 49393351 | H11: =C11/B11 -> 0.042451029 | I11: Balance at the end of year - This is the amount you will have at the end of year, based on returns
A12: 10 | B12: =G11 -> 49393351 | C12: =C11*(1+E11) -> 2169291 | D12: =B12-C12 -> 47224060 | E12: =$K$2 -> 0.06 | F12: =$K$3 -> 0.07 | G12: =FV(F12,1,,-D12) -> 50529744 | H12: =C12/B12 -> 0.043918684
A13: 11 | B13: =G12 -> 50529744 | C13: =C12*(1+E12) -> 2299448.4 | D13: =B13-C13 -> 48230296 | E13: =$K$2 -> 0.06 | F13: =$K$3 -> 0.07 | G13: =FV(F13,1,,-D13) -> 51606416 | H13: =C13/B13 -> 0.045506829 | I13: You may only change the numbers in the cells highlighted in yellow.
A14: 12 | B14: =G13 -> 51606416 | C14: =C13*(1+E13) -> 2437415.3 | D14: =B14-C14 -> 49169001 | E14: =$K$2 -> 0.06 | F14: =$K$3 -> 0.07 | G14: =FV(F14,1,,-D14) -> 52610831 | H14: =C14/B14 -> 0.047230858
A15: 13 | B15: =G14 -> 52610831 | C15: =C14*(1+E14) -> 2583660.3 | D15: =B15-C15 -> 50027171 | E15: =$K$2 -> 0.06 | F15: =$K$3 -> 0.07 | G15: =FV(F15,1,,-D15) -> 53529073 | H15: =C15/B15 -> 0.049108904
A16: 14 | B16: =G15 -> 53529073 | C16: =C15*(1+E15) -> 2738679.9 | D16: =B16-C16 -> 50790393 | E16: =$K$2 -> 0.06 | F16: =$K$3 -> 0.07 | G16: =FV(F16,1,,-D16) -> 54345721 | H16: =C16/B16 -> 0.051162476 | I16: *Disclaimer- Nothing in the sheet is my solicitation, recommendation, endorsement, or offer. If you have any doubts as to the merits of the excel, you should seek advice from an independent financial advisor. Registration granted by SEBI, BASL membership, and NISM certification do not guarantee the intermediary’s performance or provide any assurance of returns to investors. Investment in the securities market is subject to market risks. Read all the related documents carefully before investing.
A17: 15 | B17: =G16 -> 54345721 | C17: =C16*(1+E16) -> 2903000.7 | D17: =B17-C17 -> 51442720 | E17: =$K$2 -> 0.06 | F17: =$K$3 -> 0.07 | G17: =FV(F17,1,,-D17) -> 55043710 | H17: =C17/B17 -> 0.053417282
A18: 16 | B18: =G17 -> 55043710 | C18: =C17*(1+E17) -> 3077180.7 | D18: =B18-C18 -> 51966530 | E18: =$K$2 -> 0.06 | F18: =$K$3 -> 0.07 | G18: =FV(F18,1,,-D18) -> 55604187 | H18: =C18/B18 -> 0.055904311
A19: 17 | B19: =G18 -> 55604187 | C19: =C18*(1+E18) -> 3261811.6 | D19: =B19-C19 -> 52342375 | E19: =$K$2 -> 0.06 | F19: =$K$3 -> 0.07 | G19: =FV(F19,1,,-D19) -> 56006341 | H19: =C19/B19 -> 0.058661258
A20: 18 | B20: =G19 -> 56006341 | C20: =C19*(1+E19) -> 3457520.3 | D20: =B20-C20 -> 52548821 | E20: =$K$2 -> 0.06 | F20: =$K$3 -> 0.07 | G20: =FV(F20,1,,-D20) -> 56227239 | H20: =C20/B20 -> 0.061734443
A21: 19 | B21: =G20 -> 56227239 | C21: =C20*(1+E20) -> 3664971.5 | D21: =B21-C21 -> 52562267 | E21: =$K$2 -> 0.06 | F21: =$K$3 -> 0.07 | G21: =FV(F21,1,,-D21) -> 56241626 | H21: =C21/B21 -> 0.065181424
A22: 20 | B22: =G21 -> 56241626 | C22: =C21*(1+E21) -> 3884869.8 | D22: =B22-C22 -> 52356756 | E22: =$K$2 -> 0.06 | F22: =$K$3 -> 0.07 | G22: =FV(F22,1,,-D22) -> 56021729 | H22: =C22/B22 -> 0.069074635
A23: 21 | B23: =G22 -> 56021729 | C23: =C22*(1+E22) -> 4117961.9 | D23: =B23-C23 -> 51903767 | E23: =$K$2 -> 0.06 | F23: =$K$3 -> 0.07 | G23: =FV(F23,1,,-D23) -> 55537031 | H23: =C23/B23 -> 0.073506513
A24: 22 | B24: =G23 -> 55537031 | C24: =C23*(1+E23) -> 4365039.7 | D24: =B24-C24 -> 51171991 | E24: =$K$2 -> 0.06 | F24: =$K$3 -> 0.07 | G24: =FV(F24,1,,-D24) -> 54754030 | H24: =C24/B24 -> 0.078596922
A25: 23 | B25: =G24 -> 54754030 | C25: =C24*(1+E24) -> 4626942 | D25: =B25-C25 -> 50127088 | E25: =$K$2 -> 0.06 | F25: =$K$3 -> 0.07 | G25: =FV(F25,1,,-D25) -> 53635984 | H25: =C25/B25 -> 0.084504136
A26: 24 | B26: =G25 -> 53635984 | C26: =C25*(1+E25) -> 4904558.6 | D26: =B26-C26 -> 48731426 | E26: =$K$2 -> 0.06 | F26: =$K$3 -> 0.07 | G26: =FV(F26,1,,-D26) -> 52142626 | H26: =C26/B26 -> 0.091441569
A27: 25 | B27: =G26 -> 52142626 | C27: =C26*(1+E26) -> 5198832.1 | D27: =B27-C27 -> 46943794 | E27: =$K$2 -> 0.06 | F27: =$K$3 -> 0.07 | G27: =FV(F27,1,,-D27) -> 50229859 | H27: =C27/B27 -> 0.099704071
A28: 26 | B28: =G27 -> 50229859 | C28: =C27*(1+E27) -> 5510762 | D28: =B28-C28 -> 44719097 | E28: =$K$2 -> 0.06 | F28: =$K$3 -> 0.07 | G28: =FV(F28,1,,-D28) -> 47849434 | H28: =C28/B28 -> 0.10971088
... A55: 53 | B55: =G54 -> -5.083912e+08 | C55: =C54*(1+E54) -> 26574801 | D55: =B55-C55 -> -5.34966e+08 | E55: =$K$2 -> 0.06 | F55: =$K$3 -> 0.07 | G55: =FV(F55,1,,-D55) -> -5.7241362e+08 | H55: =C55/B55 -> -0.052272346

Sheet FIRE Numbers
A1: FIRE Numbers (Early Retirement)
A2: Year | B2: Gap | C2: Future Retirement Expenses | D2: Corpus (in Lakhs) | E2: Age | AA2: age | AB2: corpus | AC2: FV
A3: 0 | B3: ='Retirement Amount'!F5-'Retirement Amount'!F4 -> 45 | C3: ='Retirement Amount'!B9 -> 60000 | D3: =ROUND(PV('Retirement Amount'!$F$12/12,B3*12,-C3),-5)/100000 -> 264 | E3: ='Retirement Amount'!$B$2 -> 40 | AA3: =E3 -> 40 | AB3: =D3 -> 264 | AC3: =C3 -> 60000
A4: 1 | B4: =B3-1 -> 44 | C4: =ROUND(FV(6%,1,,-C3),-3) -> 64000 | D4: =ROUND(PV('Retirement Amount'!$F$12/12,B4*12,-C4),-5)/100000 -> 276 | E4: =E3+1 -> 41 | I4: Fixed-Fee Investment Adviser (SEBI RIA) | AA4: =E4 -> 41 | AB4: =D4 -> 276 | AC4: =C4 -> 64000
A5: 2 | B5: =B4-1 -> 43 | C5: =ROUND(FV(6%,1,,-C4),-3) -> 68000 | D5: =ROUND(PV('Retirement Amount'!$F$12/12,B5*12,-C5),-5)/100000 -> 288 | E5: =E4+1 -> 42 | F5: If you can increase your investments or get better returns on your investments, you can retire early based on number in tables. | AA5: =E5 -> 42 | AB5: =D5 -> 288 | AC5: =C5 -> 68000
A6: 3 | B6: =B5-1 -> 42 | C6: =ROUND(FV(6%,1,,-C5),-3) -> 72000 | D6: =ROUND(PV('Retirement Amount'!$F$12/12,B6*12,-C6),-5)/100000 -> 300 | E6: =E5+1 -> 43 | P6: If your current age is | Q6: =E3 -> 40 | R6: and you want to retire at age | S6: =E3 -> 40 | T6: your retirement corpus would be | U6: =D3 -> 264 | V6: Lakhs | X6: Age | AA6: =E6 -> 43 | AB6: =D6 -> 300 | AC6: =C6 -> 72000
A7: 4 | B7: =B6-1 -> 41 | C7: =ROUND(FV(6%,1,,-C6),-3) -> 76000 | D7: =ROUND(PV('Retirement Amount'!$F$12/12,B7*12,-C7),-5)/100000 -> 310 | E7: =E6+1 -> 44 | F7: How to read FIRE Numbers | P7: If your current age is | Q7: =E3 -> 40 | R7: and you want to retire at age | S7: 60 | T7: your retirement corpus would be | U7: =Y7 -> 516 | V7: Lakhs | X7: 60 | Y7: =VLOOKUP(X7,AA:AB,2) -> 516 | AA7: =E7 -> 44 | AB7: =D7 -> 310 | AC7: =C7 -> 76000
A8: 5 | B8: =B7-1 -> 40 | C8: =ROUND(FV(6%,1,,-C7),-3) -> 81000 | D8: =ROUND(PV('Retirement Amount'!$F$12/12,B8*12,-C8),-5)/100000 -> 324 | E8: =E7+1 -> 45 | F8: =P6 & " " & TEXT(Q6, "0") & " " & R6 & " " & TEXT(S6, "0") & " " & T6 & " " & TEXT(U6, "0") & " " & V6 -> If your current age is 40 and you want to retire at age 40 your retirement corpus would be 264 Lakhs | P8: If your current retirement expenses are | Q8: =C3 -> 60000 | R8: and you want to retire at age | S8: 60 | T8: your retirement expenses will increase to | U8: =Y8 -> 193000 | X8: 60 | Y8: =VLOOKUP(X8,AA:AC,3) -> 193000 | AA8: =E8 -> 45 | AB8: =D8 -> 324 | AC8: =C8 -> 81000
A9: 6 | B9: =B8-1 -> 39 | C9: =ROUND(FV(6%,1,,-C8),-3) -> 86000 | D9: =ROUND(PV('Retirement Amount'!$F$12/12,B9*12,-C9),-5)/100000 -> 337 | E9: =E8+1 -> 46 | AA9: =E9 -> 46 | AB9: =D9 -> 337 | AC9: =C9 -> 86000
A10: 7 | B10: =B9-1 -> 38 | C10: =ROUND(FV(6%,1,,-C9),-3) -> 91000 | D10: =ROUND(PV('Retirement Amount'!$F$12/12,B10*12,-C10),-5)/100000 -> 349 | E10: =E9+1 -> 47 | F10: =P7&" "&TEXT(Q7,"0")&" "&R7&" "&TEXT(S7,"0")&" "&T7&" "&TEXT(U7,"0")&" "&V7 -> If your current age is 40 and you want to retire at age 60 your retirement corpus would be 516 Lakhs | AA10: =E10 -> 47 | AB10: =D10 -> 349 | AC10: =C10 -> 91000
A11: 8 | B11: =B10-1 -> 37 | C11: =ROUND(FV(6%,1,,-C10),-3) -> 96000 | D11: =ROUND(PV('Retirement Amount'!$F$12/12,B11*12,-C11),-5)/100000 -> 360 | E11: =E10+1 -> 48 | AA11: =E11 -> 48 | AB11: =D11 -> 360 | AC11: =C11 -> 96000
A12: 9 | B12: =B11-1 -> 36 | C12: =ROUND(FV(6%,1,,-C11),-3) -> 102000 | D12: =ROUND(PV('Retirement Amount'!$F$12/12,B12*12,-C12),-5)/100000 -> 373 | E12: =E11+1 -> 49 | F12: How to Read Future Retirement Expenses | AA12: =E12 -> 49 | AB12: =D12 -> 373 | AC12: =C12 -> 102000
A13: 10 | B13: =B12-1 -> 35 | C13: =ROUND(FV(6%,1,,-C12),-3) -> 108000 | D13: =ROUND(PV('Retirement Amount'!$F$12/12,B13*12,-C13),-5)/100000 -> 386 | E13: =E12+1 -> 50 | F13: =P8 & " " & TEXT(Q8, "0") & " " & R8 & " " & TEXT(S8, "0") & " " & T8 & " " & TEXT(U8, "0") -> If your current retirement expenses are 60000 and you want to retire at age 60 your retirement expenses will increase to 193000 | AA13: =E13 -> 50 | AB13: =D13 -> 386 | AC13: =C13 -> 108000
A14: 11 | B14: =B13-1 -> 34 | C14: =ROUND(FV(6%,1,,-C13),-3) -> 114000 | D14: =ROUND(PV('Retirement Amount'!$F$12/12,B14*12,-C14),-5)/100000 -> 398 | E14: =E13+1 -> 51 | AA14: =E14 -> 51 | AB14: =D14 -> 398 | AC14: =C14 -> 114000
A15: 12 | B15: =B14-1 -> 33 | C15: =ROUND(FV(6%,1,,-C14),-3) -> 121000 | D15: =ROUND(PV('Retirement Amount'!$F$12/12,B15*12,-C15),-5)/100000 -> 412 | E15: =E14+1 -> 52 | F15: There may be a difference of small amount in retirement amount sheet and FIRE number sheet due to rounding off in formulas. | AA15: =E15 -> 52 | AB15: =D15 -> 412 | AC15: =C15 -> 121000
A16: 13 | B16: =B15-1 -> 32 | C16: =ROUND(FV(6%,1,,-C15),-3) -> 128000 | D16: =ROUND(PV('Retirement Amount'!$F$12/12,B16*12,-C16),-5)/100000 -> 424 | E16: =E15+1 -> 53 | AA16: =E16 -> 53 | AB16: =D16 -> 424 | AC16: =C16 -> 128000
A17: 14 | B17: =B16-1 -> 31 | C17: =ROUND(FV(6%,1,,-C16),-3) -> 136000 | D17: =ROUND(PV('Retirement Amount'!$F$12/12,B17*12,-C17),-5)/100000 -> 439 | E17: =E16+1 -> 54 | AA17: =E17 -> 54 | AB17: =D17 -> 439 | AC17: =C17 -> 136000
A18: 15 | B18: =B17-1 -> 30 | C18: =ROUND(FV(6%,1,,-C17),-3) -> 144000 | D18: =ROUND(PV('Retirement Amount'!$F$12/12,B18*12,-C18),-5)/100000 -> 451 | E18: =E17+1 -> 55 | F18: Numbers will continue to update as the data in the retirement amount sheet changes. | AA18: =E18 -> 55 | AB18: =D18 -> 451 | AC18: =C18 -> 144000
A19: 16 | B19: =B18-1 -> 29 | C19: =ROUND(FV(6%,1,,-C18),-3) -> 153000 | D19: =ROUND(PV('Retirement Amount'!$F$12/12,B19*12,-C19),-5)/100000 -> 466 | E19: =E18+1 -> 56 | AA19: =E19 -> 56 | AB19: =D19 -> 466 | AC19: =C19 -> 153000
A20: 17 | B20: =B19-1 -> 28 | C20: =ROUND(FV(6%,1,,-C19),-3) -> 162000 | D20: =ROUND(PV('Retirement Amount'!$F$12/12,B20*12,-C20),-5)/100000 -> 478 | E20: =E19+1 -> 57 | AA20: =E20 -> 57 | AB20: =D20 -> 478 | AC20: =C20 -> 162000
A21: 18 | B21: =B20-1 -> 27 | C21: =ROUND(FV(6%,1,,-C20),-3) -> 172000 | D21: =ROUND(PV('Retirement Amount'!$F$12/12,B21*12,-C21),-5)/100000 -> 492 | E21: =E20+1 -> 58 | F21: *Disclaimer- Nothing in the sheet is my solicitation, recommendation, endorsement, or offer. If you have any doubts as to the merits of the excel, you should seek advice from an independent financial advisor. Registration granted by SEBI, BASL membership, and NISM certification do not guarantee the intermediary’s performance or provide any assurance of returns to investors. Investment in the securities market is subject to market risks. Read all the related documents carefully before investing. | AA21: =E21 -> 58 | AB21: =D21 -> 492 | AC21: =C21 -> 172000
A22: 19 | B22: =B21-1 -> 26 | C22: =ROUND(FV(6%,1,,-C21),-3) -> 182000 | D22: =ROUND(PV('Retirement Amount'!$F$12/12,B22*12,-C22),-5)/100000 -> 503 | E22: =E21+1 -> 59 | AA22: =E22 -> 59 | AB22: =D22 -> 503 | AC22: =C22 -> 182000
A23: 20 | B23: =B22-1 -> 25 | C23: =ROUND(FV(6%,1,,-C22),-3) -> 193000 | D23: =ROUND(PV('Retirement Amount'!$F$12/12,B23*12,-C23),-5)/100000 -> 516 | E23: =E22+1 -> 60 | AA23: =E23 -> 60 | AB23: =D23 -> 516 | AC23: =C23 -> 193000
A24: 21 | B24: =B23-1 -> 24 | C24: =ROUND(FV(6%,1,,-C23),-3) -> 205000 | D24: =ROUND(PV('Retirement Amount'!$F$12/12,B24*12,-C24),-5)/100000 -> 528 | E24: =E23+1 -> 61 | AA24: =E24 -> 61 | AB24: =D24 -> 528 | AC24: =C24 -> 205000
A25: 22 | B25: =B24-1 -> 23 | C25: =ROUND(FV(6%,1,,-C24),-3) -> 217000 | D25: =ROUND(PV('Retirement Amount'!$F$12/12,B25*12,-C25),-5)/100000 -> 538 | E25: =E24+1 -> 62 | AA25: =E25 -> 62 | AB25: =D25 -> 538 | AC25: =C25 -> 217000
A26: 23 | B26: =B25-1 -> 22 | C26: =ROUND(FV(6%,1,,-C25),-3) -> 230000 | D26: =ROUND(PV('Retirement Amount'!$F$12/12,B26*12,-C26),-5)/100000 -> 548 | E26: =E25+1 -> 63 | AA26: =E26 -> 63 | AB26: =D26 -> 548 | AC26: =C26 -> 230000
A27: 24 | B27: =B26-1 -> 21 | C27: =ROUND(FV(6%,1,,-C26),-3) -> 244000 | D27: =ROUND(PV('Retirement Amount'!$F$12/12,B27*12,-C27),-5)/100000 -> 558 | E27: =E26+1 -> 64 | AA27: =E27 -> 64 | AB27: =D27 -> 558 | AC27: =C27 -> 244000
A28: 25 | B28: =B27-1 -> 20 | C28: =ROUND(FV(6%,1,,-C27),-3) -> 259000 | D28: =ROUND(PV('Retirement Amount'!$F$12/12,B28*12,-C28),-5)/100000 -> 566 | E28: =E27+1 -> 65 | AA28: =E28 -> 65 | AB28: =D28 -> 566 | AC28: =C28 -> 259000
A29: 26 | B29: =B28-1 -> 19 | C29: =ROUND(FV(6%,1,,-C28),-3) -> 275000 | D29: =ROUND(PV('Retirement Amount'!$F$12/12,B29*12,-C29),-5)/100000 -> 574 | E29: =E28+1 -> 66 | AA29: =E29 -> 66 | AB29: =D29 -> 574 | AC29: =C29 -> 275000
A30: 27 | B30: =B29-1 -> 18 | C30: =ROUND(FV(6%,1,,-C29),-3) -> 292000 | D30: =ROUND(PV('Retirement Amount'!$F$12/12,B30*12,-C30),-5)/100000 -> 580 | E30: =E29+1 -> 67 | AA30: =E30 -> 67 | AB30: =D30 -> 580 | AC30: =C30 -> 292000
A31: 28 | B31: =B30-1 -> 17 | C31: =ROUND(FV(6%,1,,-C30),-3) -> 310000 | D31: =ROUND(PV('Retirement Amount'!$F$12/12,B31*12,-C31),-5)/100000 -> 584 | E31: =E30+1 -> 68 | AA31: =E31 -> 68 | AB31: =D31 -> 584 | AC31: =C31 -> 310000
A32: 29 | B32: =B31-1 -> 16 | C32: =ROUND(FV(6%,1,,-C31),-3) -> 329000 | D32: =ROUND(PV('Retirement Amount'!$F$12/12,B32*12,-C32),-5)/100000 -> 586 | E32: =E31+1 -> 69 | AA32: =E32 -> 69 | AB32: =D32 -> 586 | AC32: =C32 -> 329000
A33: 30 | B33: =B32-1 -> 15 | C33: =ROUND(FV(6%,1,,-C32),-3) -> 349000 | D33: =ROUND(PV('Retirement Amount'!$F$12/12,B33*12,-C33),-5)/100000 -> 586 | E33: =E32+1 -> 70 | AA33: =E33 -> 70 | AB33: =D33 -> 586 | AC33: =C33 -> 349000
... A62: 59 | B62: =B61-1 -> -14 | C62: =ROUND(FV(6%,1,,-C61),-3) -> 1890000 | D62: =ROUND(PV('Retirement Amount'!$F$12/12,B62*12,-C62),-5)/100000 -> -3393 | E62: =E61+1 -> 99 | AA62: =E62 -> 99 | AB62: =D62 -> -3393 | AC62: =C62 -> 1890000
